 Dungeon Crawl Stone Soup version 0.28-b1-25-g9875b3fc8c (webtiles) character file.

Game seed: 15197722037809318888

23 lordive the Caller (level 2, -9/15 HPs)
             Began as a Tengu Summoner on Jan 31, 2022.
             Mangled by an iguana (13 damage)
             ... on level 2 of the Dungeon.
             The game lasted 00:03:34 (2143 turns).

lordive the Caller (Tengu Summoner)                 Turns: 2143, Time: 00:03:36

Health: -9/15      AC:  2    Str:  8    XL:     2   Next: 95%
Magic:  1/6        EV: 12    Int: 15    God:
Gold:   32         SH:  0    Dex: 14    Spells: 2/5 levels left

rFire   . . .      SeeInvis .   (no weapon)
rCold   . . .      Faith    .   (no shield)
rNeg    . . .      Spirit   .   a - +0 robe
rPois   .          Reflect  .   (helmet restricted)
rElec   .          Harm     .   (no cloak)
rCorr   .          Rampage  .   (no gloves)
Will    .....                   (boots unavailable)
Stlth   ++........              (no amulet)
HPRegen 0.05/turn               (no ring)
MPRegen 0.10/turn               (no ring)

@: no status effects
A: beak, talons 3
a: no special abilities


You were on level 2 of the Dungeon.
You visited 1 branch of the dungeon, and saw 3 of its levels.

You collected 32 gold pieces.

Inventory:

Armour
 a - a +0 robe (worn)
Jewellery
 d - a ring of flight
Scrolls
 b - a scroll of silence {unknown}
 c - 2 scrolls of amnesia {unknown}
 e - a scroll of holy word {unknown}
Potions
 f - a potion of degeneration {unknown}
 g - 2 potions of brilliance {unknown}


   Skills:
 + Level 2.1 Dodging
 - Level 2.0 Stealth
 + Level 2.3 Spellcasting
 * Level 5.6 Summonings


You had 2 spell levels left.
You knew the following spells:

 Your Spells              Type           Power      Damage    Failure   Level
a - Summon Small Mammal   Summ           72%        N/A       2%          1
b - Call Imp              Summ           18%        N/A       3%          2

Your spell library contained the following spells:

 Spells                   Type           Power      Damage    Failure   Level
 Call Canine Familiar     Summ           18%        N/A       6%          3
 Summon Guardian Golem    Hex/Summ       10%        N/A       21%         3
 Summon Lightning Spire   Summ/Air       10%        N/A       56%         4


Dungeon Overview and Level Annotations

Branches:
Dungeon (3/15)

Altars:


Innate Abilities, Weirdness & Mutations

You have a beak for a mouth.
You have claws for feet.


Message History

Your quokka's corpse disappears in a puff of smoke!
Your white imp gestures at the phantom.
The puff of frost hits the phantom.
The phantom resists.
Your white imp gestures at the phantom.
The puff of frost hits the phantom.
The phantom resists.
You swap places.
A rat comes into view.
Something hits your white imp.
Your white imp blinks!
Your white imp hits the phantom but does no damage.
There is a stone staircase leading up here.
Your white imp hits the phantom but does no damage.
You climb upwards.
There is a stone staircase leading down here.
You see here a +0 hunting sling.
Casting: Summon Small Mammal (safe; 2% risk of failure)
Confirm with . or Enter, or press ? or * to list all spells.
The iguana hisses menacingly.
The iguana bites you but does no damage.
You swap places.
Your quokka misses the iguana. The iguana bites your quokka!
Your quokka dies!
Your quokka's corpse disappears in a puff of smoke!
Casting: Summon Small Mammal (safe; 2% risk of failure)
Confirm with . or Enter, or press ? or * to list all spells.
Your bat hits the iguana but does no damage.
Your bat hits the iguana but does no damage.
Your bat barely misses the iguana.
Your bat hits the iguana but does no damage.
Your bat hits the iguana but does no damage.
Your bat closely misses the iguana.
Your bat closely misses the iguana.
Your bat hits the iguana.
Your bat hits the iguana but does no damage.
Your bat closely misses the iguana.
Casting: Summon Small Mammal (safe; 2% risk of failure)
Confirm with . or Enter, or press ? or * to list all spells.
Your bat barely misses the iguana.
Your bat hits the iguana but does no damage.
Your bat barely misses the iguana.
The iguana bites you!
Ouch! That really hurt!
You die...

..............#..##.##.###..##
.#..#########.....#<...#
#...#### ....#
#......#######....... .#..#
#......#........##### ...##
#.(....#.###.#....... ..##
##.....#.###.....#### #S#
#.....#.#.....#..... #.#
########.###..####### #K#
#.bl@.b..# #..# ... #.#
##K######## #..# ###
#.##########..# #...###..#
#......SK..#.## #.#......#
##########.K.# ###....###
.......###### #....# #.#####.#
#....# # .# #....# . #....#


You could see an iguana (ally target), a kobold and 2 friendly bats.

Vanquished Creatures (collateral kills)
  An endoplasm (D:1)
  3 giant cockroaches
  2 hobgoblins (D:1)
  2 jackals (D:1)
  2 kobolds
  A quokka (D:1)
  3 ball pythons (D:2)
  4 bats
  2 rats
20 creatures vanquished.

Notes
Turn   | Place    | Note
-------+----------+-------------------------------------------
     0 | D:1      | lordive the Tengu Summoner began the quest for the Orb.
     0 | D:1      | Reached XP level 1. HP: 10/10 MP: 4/4
   112 | D:1      | Reached skill level 5 in Summonings
   170 | D:1      | Found a faded altar of an unknown god.
   326 | D:1      | Reached XP level 2. HP: 5/15 MP: 3/6
   646 | D:1      | Learned a level 2 spell: Call Imp
  2091 | D:3      | Noticed a phantom
  2143 | D:2      | Mangled by an iguana

Illustrated notes

Levels and vault maps discovered:
D:1:      giann_horns, layout_basic, dreamdust_ecumenical_altar_statues
D:2:      layout_loops_ring, serial_co_window_serial, co_window_paths_a,
          co_window_paths_a, co_window_paths_b, co_window_paths_b,
          co_window_paths_a, co_window_corner_b, co_window_corner_b,
          co_window_unsneaky_path_e, co_window_broadway_c,
          co_window_unsneaky_path_c, co_window_corner_b, co_window_4corner_b,
          glass_columns_c, glass_columns_c, glass_columns_b, glass_columns_c,
          minmay_close_crescents
D:3:      layout_loops_cross, lightli_sewer_entry_pipes, uniq_crazy_yiuf_cottage

Skill      XL: |  1 |
---------------+----+-----
Summonings     | 5 |  5.6
Dodging        | |  2.1
Stealth        | |  2.0
Spellcasting   | |  2.3

Action                   || total
-------------------------++-------
 Cast: Summon Small Mamm ||    43
       Call Imp          ||    13
Armor: Robe              ||    12
Dodge: Dodged            ||    21
